 Dungeon Crawl Stone Soup version 0.10.4 character file.

347586 CodaKJazz the Slayer (level 23, -21/340 HPs)
             Began as a Minotaur Berserker on July 18, 2023.
             Was a High Priest of Trog.
             Demolished by an Ice Fiend (31 damage)
             ... summoned by an ancient lich
             ... on Level 27 of the Dungeon on July 21, 2023.
             The game lasted 03:28:30 (59103 turns).

CodaKJazz the Slayer (Minotaur Berserker)          Turns: 59103, Time: 03:28:31

HP -21/340       AC 40     Str 34      XL: 23   Next:  6%
MP   7/7         EV 13     Int  8      God: Trog [*****.]
Gold 107         SH 53     Dex 12      Spells:  0 memorised, 22 levels left

Res.Fire  : + . .   See Invis. : +   a - +3,+4 orc spiked flail (pierce)
Res.Cold  : . . .   Warding    : . . z - +0 plate armour of Fokhlem {Acc+5 SInv}
Life Prot.: . . .   Conserve   : +   P - +1 large shield
Res.Acid. : + . .   Res.Corr.  : +   S - +2 wizard hat {Int+3}
Res.Poison: .       Clarity    : .   n - +2 cloak {rCorr, Cons}
Res.Elec. : .       Spirit.Shd : .   J - +2 pair of gloves
Sust.Abil.: . .     Stasis     : .   r - +2 pair of elf boots {Lev}
Res.Mut.  : .       Ctrl.Telep.: .   l - amulet of the gourmand
Res.Rott. : .       Levitation : .   Q - ring "Yzuino Dauk" {+Blink rF+}
Gourmand  : +       Ctrl.Flight: .   Y - ring of Robustness {AC+8}

@: berserking (expires), studying Long Blades, very quick, quite resistant to
hostile enchantments, extremely unstealthy
A: retaliatory headbutt, horns 2
a: Burn Spellbooks, Berserk, Trog's Hand, Brothers in Arms, Renounce Religion,
Evoke Blink, Evoke Levitation
}: 1/15 runes: decaying


You were on level 27 of the Dungeon.
You worshipped Trog.
Trog was exalted by your worship.
You were not hungry.

You visited 8 branches of the dungeon, and saw 57 of its levels.
You visited the Abyss 1 time.
You visited 1 Labyrinth.
You visited 1 bazaar.
You visited 4 portal chambers: ossuary, bailey, ice cave, trove.

You collected 6152 gold pieces.
You spent 6065 gold pieces at shops.

Inventory:

Hand weapons
 a - a +3,+4 orcish spiked flail of piercing (weapon)
 b - the -1,+2 war axe of Eternal Night {god gift, flame, rF+ rC+}
   (Trog gifted it to you on level 4 of the Vaults)

   It emits flame when wielded, causing extra injury to most foes and up to
   double damage against particularly susceptible opponents.
   Big, fiery blades are also staple armaments of hydra-hunters.
   It protects you from fire.
   It protects you from cold.
 m - a +4,+4 demon blade
 w - a +1,+5 dwarven morningstar of venom
Missiles
 D - a +0 throwing net (quivered)
Armour
 n - a +2 cloak of preservation (worn)
 r - a +2 pair of elven boots of levitation (worn)
 z - the +0 plate armour of Fokhlem (worn) {Acc+5 SInv}
   (You found it on level 5 of the Vaults)

   It affects your accuracy (+5).
   It enhances your eyesight.
 J - a +2 pair of gloves (worn)
 P - a +1 large shield (worn)
 S - a +2 wizard hat of intelligence (worn)
Magical devices
 i - a wand of draining (12)
 t - a wand of teleportation (5)
 x - a wand of cold (9)
 E - a wand of lightning (7)
 G - a wand of hasting (9)
 K - a wand of fire (10)
 N - a wand of digging (23)
 O - a wand of fire (3)
Comestibles
 c - 18 bread rations
 j - an apple
Scrolls
 d - 3 scrolls of summoning
 e - 4 scrolls of blinking
 f - 2 scrolls of enchant armour
 h - 4 scrolls of magic mapping
 y - 2 scrolls of recharging
 A - 5 scrolls of fog
 B - 2 scrolls of noise
 C - a scroll of immolation
 H - 2 scrolls of fear
 T - 9 scrolls of teleportation
 V - 2 scrolls of enchant weapon II
 X - 12 scrolls of remove curse
Jewellery
 l - an amulet of the gourmand (around neck)
 o - the amulet "Ghavvim" {Ward +Rage rPois SInv}
   (You bought it in a shop on level 19 of the Dungeon)

   [amulet of warding]

   It protects you from poison.
   It enhances your eyesight.
   It lets you go berserk.
 v - the ring "Tryriny" {rElec MP+9 Int+1 Stlth+}
   (You found it on level 17 of the Dungeon)

   [ring of magical power]

   It affects your intelligence (+1).
   It insulates you from electricity.
   It makes you more stealthy.
 Q - the ring "Yzuino Dauk" (right hand) {+Blink rF+}
   (You found it on level 5 of the Elven Halls)

   [ring of protection from fire]

   It lets you blink.
 R - an uncursed ring of see invisible
 Y - the ring of Robustness (left hand) {AC+8}
   (You bought it in a shop on level 19 of the Dungeon)

   [ring of protection]

   It affects your AC (+8).
Potions
 g - 5 potions of might
 k - 2 potions of berserk rage
 p - 10 potions of heal wounds
 q - 18 potions of curing
 u - a potion of magic
 F - 4 potions of invisibility
 I - 6 potions of speed
 M - 4 potions of agility
 W - 2 potions of resistance
Books
 Z - a manual of Long Blades (studied) You are currently studying this manual.
Miscellaneous
 s - a lamp of fire
 L - a disc of storms
 U - a box of beasts


   Skills:
 - Level 23.8 Fighting
 - Level 10.9 Axes
 - Level 17.8 Maces & Flails
 - Level 2.6 Throwing
 - Level 18.8 Armour
 - Level 17.1 Dodging
 + Level 22.1 Shields
 + Level 8.5 Traps & Doors
 + Level 10.6 Evocations


You had 22 spell levels left.
You didn't know any spells.

Dungeon Overview and Level Annotations

Branches:
Dungeon (27/27)            Temple (1/1) D:6             Orc (4/4) D:10
    Elf (5/5) Orc:3          Lair (8/8) D:10          Swamp (5/5) Lair:5
 Shoals (0/5) Lair:4        Slime (0/6) Lair:8        Vault (7/8) D:18
  Blade (1/1) Vault:4         Zot (0/5) D:27
  Crypt: Vault:2-4

Altars:
Kikubaaqudgha
Okawaru
The Shining One
Trog
Vehumet
Yredelemnul
Beogh

Shops:
D:9: % D:17: %[* D:19: =/= D:27: ! Orc:3: ? Orc:4: [*+= Vault:2: ( Vault:5: [ Vault:7: +!

Portals:
Hell: D:22 D:24 D:25 D:26 D:27
Abyss: D:25 D:27
Pan: D:24 D:25

Annotations
D:15 exclusions: 2 orange crystal statues and 2 silver statues
D:18 exclusion: silver statue, Roxanne
Lair:8 exclusion: door
Vault:3 exclusion: downstairs
Vault:4 exclusion: downstairs, Mennas
Vault:5 exclusion: upstairs


Innate Abilities, Weirdness & Mutations

You reflexively headbutt those who attack you in melee.
You have a pair of horns on your head.


Message History

You have reached level 23!
You block the Brimstone Fiend's attack.
You skewer the Brimstone Fiend like a kebab!!!
You headbutt the Brimstone Fiend!
The Brimstone Fiend is severely wounded.
The Ice Fiend claws you.
* * * LOW HITPOINT WARNING * * *
The Ice Fiend freezes you!
* * * LOW HITPOINT WARNING * * *
You block the Ice Fiend's attack.
You are too berserk!
You hit the Ice Fiend.
The Ice Fiend is lightly wounded.
The reaper hits you but does no damage.
You sock the Brimstone Fiend! You headbutt the Brimstone Fiend!
The Brimstone Fiend is almost dead.
You block the Ice Fiend's attack. The Ice Fiend claws you.
* * * LOW HITPOINT WARNING * * *
The Ice Fiend freezes you!
You die...

##+## #...##
.._.. # #...# #
#.##2..##.#
+....1....+ #
#@1.# #
#.##...##.#
#.........#
#######...####
#.....#...#
#..#..#...# .
#.....##.## ...
#..#...#'#...#..
#...............#


You could see a Brimstone Fiend, an Ice Fiend and a reaper.

Vanquished Creatures
  An ancient lich (D:27)
  Margery (D:24)
  Xtahua (D:22)
  Frederick (Vault:3)
  2 liches
  Nikola (Elf:1)
  2 deep elf blademasters (Elf:5)
  Kirke (D:16)
  A storm dragon (D:27)
  A sphinx (Vault:5)
  Agnes (Vault:3)
  2 Ice Fiends
  Aizul (Swamp:5)
  Donald (Elf:2)
  2 frost giants (D:26)
  Louise (Elf:2)
  Maud (D:16)
  Gastronok (D:8)
  The ghost of CodaKJazz the Blocker, a powerful MiBe of Trog (D:16)
  18 stone giants
  A fire giant (Vault:6)
  Jozef (Lair:1)
  8 deep elf annihilators (Elf:5)
  5 deep elf sorcerers (Elf:5)
  4 spriggan defenders (D:21)
  5 deep elf death magi (Elf:5)
  A dire elephant (Lair:8)
  A deep elf master archer (Elf:5)
  An anaconda (shapeshifter) (D:25)
  6 spriggan air magi (D:21)
  A minotaur (Lab)
  32 yaktaur captains
  6 ettins
  3 great orbs of eyes
  5 dragons
  A great orb of eyes (shapeshifter) (D:27)
  2 storm dragon skeletons
  Erica (Elf:1)
  An ice dragon (Orc:4)
  Harold (D:16)
  Josephine (Orc:1)
  An anaconda zombie (Abyss)
  6 spriggan druids
  19 hydras
  A deep elf demonologist (Elf:5)
  8 alligators
  Nessos (Orc:2)
  A rakshasa (Vault:2)
  A shadow dragon zombie (D:27)
  11 ogre magi
  7 spriggan berserkers (D:21)
  A stone giant zombie (D:22)
  A fire giant zombie (Vault:4)
  25 dancing weapons
  2 deep elf high priests (Elf:5)
  An alligator (shapeshifter) (D:26)
  2 frost giant zombies
  7 very ugly things
  A deep troll (shapeshifter) (Vault:3)
  14 deep trolls
  3 fire giant skeletons
  Nergalle (D:18)
  18 centaur warriors
  2 orc high priests (Orc:4)
  16 skeletal warriors
  An iron golem (Vault:3)
  22 deep elf knights
  3 iron trolls (D:27)
  3 stone giant skeletons
  2 frost giant skeletons
  2 storm dragon simulacra
  3 sun demons
  An unseen horror (Vault:1)
  A soul eater (D:15)
  3 hell knights (D:24)
  7 flayed ghosts
  A shadow wraith (D:19)
  2 large abominations (Abyss)
  A naga warrior (Abyss)
  6 hill giants
  Erolcha (D:9)
  2 unseen horrors (shapeshifter)
  A green draconian zombie (Orc:1)
  A lindwurm (shapeshifter) (D:18)
  5 giant amoebae
  An ice statue (Port)
  3 necromancers
  Pikel (D:9)
  21 orc knights
  A lindwurm (Swamp:5)
  3 elves (shapeshifter)
  Urug (Elf:2)
  A phantasmal warrior (D:26)
  A harpy zombie (D:17)
  4 harpies
  A spiny worm (Vault:6)
  7 orc sorcerers
  3 red wasps
  An iron troll skeleton (Vault:2)
  4 griffons
  6 cyclopes
  A harpy skeleton (Vault:2)
  A griffon zombie (D:19)
  A red wasp (shapeshifter) (D:16)
  Maurice (D:10)
  A fire crab (shapeshifter) (D:18)
  A fire crab (D:19)
  A sixfirhy (Abyss)
  A wolf spider zombie (D:12)
  A red wasp zombie (D:15)
  A dragon zombie (D:20)
  4 elephant slugs
  A stone golem (D:15)
  3 wolf spiders
  5 feature mimics
  A black mamba (Lair:8)
  A spiny frog (shapeshifter) (D:16)
  An ettin zombie (Vault:1)
  A queen ant (Lair:7)
  A stone giant simulacrum (Vault:3)
  2 spiny worm zombies
  4 orange demons
  4 elephants
  76 slime creatures
  An ettin skeleton (Vault:5)
  9 spiny frogs
  3 hellwings (Abyss)
  A troll (shapeshifter) (Vault:7)
  60 yaktaurs
  A mermaid (shapeshifter) (Vault:2)
  113 ugly things
  An iron devil (D:15)
  A mermaid (Lair:4)
  40 spriggans
  2 spriggans (shapeshifter)
  6 rock trolls
  A redback (D:27)
  11 trolls
  A hill giant skeleton (D:20)
  A rock troll zombie (D:20)
  2 polar bears (Orc:4)
  6 smoke demons
  7 komodo dragons
  3 baby alligators (Swamp:3)
  10 blink frogs
  3 grizzly bears
  26 two-headed ogres
  A rock troll skeleton (D:15)
  18 giant fireflies (D:21)
  3 basilisks
  3 hairy devils
  A redback zombie (D:15)
  14 deep elf conjurers
  3 wraiths
  35 yaks
  A shark (D:17)
  A hog (D:16)
  3 chaos spawn (Elf:5)
  2 ynoxinuls (D:15)
  Eustachio (D:7)
  4 molten gargoyles (D:25)
  18 deep elf summoners
  11 fire drakes
  A hippogriff (shapeshifter) (Vault:1)
  2 merfolk (shapeshifter)
  2 neqoxecs
  A yaktaur zombie (D:20)
  20 deep elf fighters
  A steam dragon (Swamp:5)
  44 vampire mosquitoes
  6 mottled dragons
  A hungry ghost (D:12)
  3 item mimics
  3 spatial vortices (Elf:5)
  6 war dogs (Lair:5)
  6 manticores
  A rock worm (Vault:1)
  15 soldier ants
  8 hippogriffs
  3 human simulacra (Port)
  A yaktaur skeleton (D:25)
  2 hell hounds (Abyss)
  Menkaure (D:5)
  3 draconian simulacra (Port)
  2 sky beasts
  A human (shapeshifter) (D:17)
  22 freezing wraiths
  2 red devils
  63 orc warriors
  56 swamp worms
  10 deep elf priests
  6 small abominations
  3 black bears
  A necrophage (D:9)
  14 insubstantial wisps
  5 yak zombies
  9 giant goldfish
  8 swamp drakes
  2 yellow wasps (Elf:5)
  53 ogres
  11 ice beasts
  19 crocodiles
  19 deep elf magi
  A phantom (Swamp:3)
  5 rotting devils
  A yak skeleton (D:15)
  3 boring beetles
  30 giant frogs
  9 wargs
  30 centaurs
  5 nagas (Abyss)
  14 water moccasins
  3 brain worms
  A yaktaur simulacrum (D:19)
  A boulder beetle zombie (D:20)
  5 lava worms
  9 wolves
  6 giant leeches
  6 giant slugs
  A silver statue (D:15)
  2 draconians (shapeshifter)
  8 agate snails
  5 elf zombies
  A gnoll sergeant (D:20)
  4 big kobolds
  2 eyes of draining
  A water moccasin skeleton (D:14)
  8 boulder beetles
  15 wights
  4 yak simulacra
  A killer bee (shapeshifter) (Vault:3)
  A polar bear simulacrum (Port)
  22 jellyfish
  12 killer bees
  A big kobold zombie (D:9)
  An ogre zombie (Orc:1)
  11 crimson imps
  2 centaur simulacra (Port)
  A brain worm zombie (D:15)
  4 hound zombies
  12 bog mummies
  20 orc priests
  An ogre skeleton (Orc:1)
  3 electric eels
  12 hounds
  3 lava snakes
  7 quasits
  4 goliath beetles
  4 iron imps
  3 shadows
  12 big fish
  A hound skeleton (D:11)
  6 scorpions
  9 orange rats
  48 worker ants
  13 iguanas
  4 worker ant zombies
  26 deep elf soldiers
  33 orc wizards
  3 porcupines
  9 sheep
  A human zombie (D:7)
  Jessica (D:2)
  3 boggarts (D:27)
  10 jellies
  3 naga simulacra (Port)
  Terence (D:2)
  5 mummies (Port)
  28 gnolls
  8 lemures
  9 midges
  17 adders
  2 giant centipedes
  65 green rats
  2 scorpion zombies
  A sheep zombie (D:18)
  An adder zombie (Port)
  3 shadow imps
  A giant mite (Lair:5)
  20 white imps
  7 worms
  6 elf simulacra (Port)
  32 ufetubi
  6 grey rats
  A bat skeleton (D:6)
  A bat zombie (Port)
  3 giant eyeballs
  10 giant geckos
  An ooze (D:6)
  167 orcs
  5 ball pythons
  48 bats
  9 giant cockroaches
  A giant cockroach (shapeshifter) (Vault:1)
  42 hobgoblins
  14 jackals
  8 quokkas
  A giant gecko skeleton (D:5)
  9 giant newts
  A giant spore (D:12)
  38 goblins
  2 goblin zombies
  A hobgoblin skeleton (Orc:1)
  3 hobgoblin zombies (Port)
  38 kobolds
  3 orc simulacra (Port)
  2 orc skeletons
  4 orc zombies
  A quokka zombie (D:5)
  26 rats
  5 ballistomycetes
  A bush (Lair:5)
  3 butterflies
  7 crawling corpses
  3 fungi
  6 plants
  20 toadstools
2568 creatures vanquished.

Vanquished Creatures (collateral kills)
  Boris (Vault:5)
  A storm dragon (Vault:5)
  A tentacled monstrosity (Vault:7)
  The ghost of MordorOrchid the Thaumaturge, a powerful DrEE of Vehumet (Lair:5)
  4 dancing weapons
  2 hydras
  The ghost of narz the Changer, a powerful SESt of Nemelex Xobeh (Lair:2)
  An orc high priest (Orc:4)
  A skeletal warrior (D:18)
  5 slime creatures (Vault:3)
  2 spiny frogs
  2 rock trolls
  2 ugly things (Vault:3)
  A blue devil (Orc:4)
  An ogre (Vault:3)
  2 bog mummies (Port)
  A big fish (D:17)
  A mummy (Port)
  3 green rats (Lair:5)
  A bat zombie (Port)
  A hobgoblin zombie (Port)
  A kobold zombie (Port)
  A plant (Lair:5)
37 creatures vanquished.

Vanquished Creatures (others)
  A hydra (Swamp:5)
  4 humans (D:16)
  A deep elf knight (Elf:2)
  A spriggan (D:21)
  A polar bear (Orc:4)
  A grizzly bear (Elf:5)
  A hippogriff (D:9)
  A steam dragon (Swamp:5)
  A fire drake (Swamp:5)
  2 deep elf fighters
  A small abomination (Lair:5)
  6 ogres
  A slave (D:9)
  A warg (D:10)
  An elf zombie (Elf:2)
  An eye of draining (D:9)
  An electric eel (Swamp:5)
  A worker ant (D:12)
  2 deep elf soldiers (Elf:2)
  An orc (D:17)
  3 green rats (Elf:2)
  2 hobgoblins
  A kobold (D:9)
  A giant cockroach (D:17)
  2 giant spores
  3 goblins
  A rat (D:4)
  A ballistomycete (D:10)
  2 crawling corpses (Elf:5)
  4 fungi (Lair:5)
  3 plants
  113 toadstools
166 creatures vanquished.

Grand Total: 2771 creatures vanquished

Notes
Turn   | Place    | Note
--------------------------------------------------------------
     0 | D:1      | CodaKJazz, the Minotaur Berserker, began the quest for the Orb.
     0 | D:1      | Reached XP level 1. HP: 19/19 MP: 0/0
   241 | D:1      | Reached skill level 4 in Axes
   292 | D:1      | Reached XP level 2. HP: 26/26 MP: 0/0
   372 | D:1      | Acquired Trog's second power
   787 | D:2      | Noticed Jessica
   791 | D:2      | Killed Jessica
   791 | D:2      | Reached skill level 5 in Axes
   791 | D:2      | Reached XP level 3. HP: 33/33 MP: 1/1
   862 | D:2      | Found an iron altar of Okawaru.
  1169 | D:2      | Reached XP level 4. HP: 24/40 MP: 1/1
  1199 | D:2      | Noticed Terence
  1207 | D:2      | Killed Terence
  1542 | D:2      | Reached XP level 5. HP: 41/46 MP: 1/1
  2103 | D:4      | Acquired Trog's third power
  2455 | D:5      | Entered Level 5 of the Dungeon
  2473 | D:4      | Reached XP level 6. HP: 41/53 MP: 2/2
  2529 | D:3      | Paralysed by a giant eyeball for 4 turns
  2726 | D:4      | Reached skill level 6 in Maces & Flails
  3174 | D:5      | Reached skill level 7 in Maces & Flails
  3220 | D:5      | Found a sand-covered staircase. 3227
                  | ossuary
                  | Entered a tomb 3248
                  | ossuary
                  | Reached XP level 7. HP: 38/60 MP: 2/2 3433
                  | ossuary
                  | Reached skill level 8 in Maces & Flails 3640
                  | ossuary
                  | Reached skill level 9 in Maces & Flails
  3802 | D:5      | Noticed Menkaure
  3814 | D:5      | Killed Menkaure
  3814 | D:5      | Reached XP level 8. HP: 44/68 MP: 2/2
  4917 | D:6      | Found a staircase to the Ecumenical Temple.
  4986 | Temple   | Entered the Ecumenical Temple
  5126 | D:7      | Noticed Eustachio
  5153 | D:7      | Killed Eustachio
  5434 | D:7      | Reached skill level 10 in Maces & Flails
  5686 | D:7      | Reached XP level 9. HP: 75/75 MP: 3/3
  5806 | D:8      | Found a basalt altar of Yredelemnul.
  6100 | D:9      | Noticed Pikel
  6116 | D:9      | Killed Pikel
  6192 | D:9      | Reached skill level 11 in Maces & Flails
  6301 | D:8      | Noticed Gastronok
  6315 | D:8      | Killed Gastronok
  6315 | D:8      | Reached skill level 12 in Maces & Flails
  6315 | D:8      | Reached XP level 10. HP: 74/86 MP: 3/3
  6426 | D:8      | Got an engraved book
  6548 | D:8      | Found a glowing golden altar of the Shining One.
  7425 | D:9      | Found Kiwamacw's Food Emporium.
  7427 | D:9      | Noticed Erolcha
  7454 | D:9      | Killed Erolcha
  7833 | D:10     | Entered Level 10 of the Dungeon
  7895 | D:9      | Received a gift from Trog
  8346 | D:10     | Found a staircase to the Orcish Mines.
  8391 | D:10     | Noticed Maurice
  8417 | D:10     | Killed Maurice
  8567 | D:10     | Reached skill level 13 in Fighting
  8567 | D:10     | Reached XP level 11. HP: 98/100 MP: 3/3
  8600 | D:10     | Found a staircase to the Lair.
  8614 | Lair:1   | Entered Level 1 of the Lair of Beasts
  9145 | Lair:1   | Received a gift from Trog
  9255 | Lair:1   | Reached skill level 14 in Fighting
  9428 | Lair:1   | Noticed Jozef
  9435 | Lair:1   | Killed Jozef
  9926 | Lair:2   | Reached skill level 15 in Fighting
 10147 | Lair:2   | Noticed narz's ghost (powerful SESt)
 10167 | Lair:2   | Killed narz's ghost
 11478 | Lair:4   | Received a gift from Trog
 11484 | Lair:4   | Got a crystal dire flail {god gift}
 11499 | Lair:4   | Identified the dire flail of Nyzxun {god gift, flame, Int+3} (Trog gifted it to you on level 4 of the Lair of Beasts)
 11618 | Lair:4   | Reached skill level 16 in Fighting
 11623 | Lair:4   | Found a staircase to the Shoals.
 12171 | Lair:5   | Noticed MordorOrchid's ghost (powerful DrEE)
 12177 | Lair:5   | Killed MordorOrchid's ghost
 12277 | Lair:5   | Found a staircase to the Snake Pit.
 12296 | Lair:5   | the staircase to the Snake Pit was a mimic.
 12667 | Lair:5   | Reached XP level 12. HP: 106/113 MP: 4/4
 12687 | Lair:5   | Found a staircase to the Swamp.
 12705 | Lair:5   | Received a gift from Trog
 13798 | Lair:7   | Reached skill level 17 in Maces & Flails
 13863 | Lair:7   | Received a gift from Trog
 14225 | Lair:7   | Received a gift from Trog
 14784 | Lair:8   | Entered Level 8 of the Lair of Beasts
 15059 | Lair:8   | Reached XP level 13. HP: 97/121 MP: 4/4
 15126 | Lair:8   | Received a gift from Trog
 16038 | Lair:8   | Found a staircase to the Slime Pits.
 16485 | D:11     | Received a gift from Trog
 16723 | D:11     | Found a flagged portal. 16735
                  | bailey
                  | Entered the bailey 16858
                  | bailey
                  | Received a gift from Trog
 17197 | D:11     | Received a gift from Trog
 17740 | D:12     | Found a portal to a secret trove of treasure.
 17828 | D:12     | Paralysed by a giant eyeball for 4 turns
 18134 | D:12     | Reached XP level 14. HP: 129/129 MP: 4/4
 18289 | D:13     | Received a gift from Trog
 18780 | D:14     | Entered Level 14 of the Dungeon
 19359 | D:15     | Entered Level 15 of the Dungeon
 20587 | D:16     | Found a staircase to the Vaults.
 20601 | D:16     | Paralysed by a red wasp for 2 turns
 20605 | D:16     | Paralysed by a red wasp for 3 turns
 20786 | D:16     | Noticed Kirke
 20800 | D:16     | Killed Kirke
 20926 | D:16     | Noticed Harold
 20932 | D:16     | Killed Harold
 21050 | D:16     | Noticed CodaKJazz's ghost (powerful MiBe)
 21064 | D:16     | Killed CodaKJazz's ghost
 21100 | D:16     | Noticed Maud
 21112 | D:16     | Killed Maud
 21223 | D:16     | Noticed an orc sorcerer
 21234 | D:16     | Killed an orc sorcerer
 21358 | D:17     | Found Ifini's Armour Shoppe.
 21364 | D:17     | Bought a +0 cloak of preservation for 77 gold pieces
 21501 | D:17     | Reached XP level 15. HP: 137/137 MP: 5/5
 21639 | D:17     | Found Iwnappa's Assorted Antiques.
 21645 | D:17     | Bought a scroll of identify for 74 gold pieces
 21645 | D:17     | Bought an emulsified orange potion for 33 gold pieces
 21645 | D:17     | Bought a scroll of enchant armour for 203 gold pieces
 21791 | D:17     | Bought a scroll of teleportation for 111 gold pieces
 22107 | D:17     | Found Effa's Food Boutique.
 22126 | D:17     | Bought an apple for 9 gold pieces
 22126 | D:17     | Bought an apple for 9 gold pieces
 22214 | D:17     | Noticed a stone giant
 22225 | D:17     | Killed a stone giant
 22340 | D:17     | Got a shimmering lead ring
 22801 | D:18     | Noticed Nergalle
 22805 | D:18     | Killed Nergalle
 22851 | D:18     | Noticed a glowing elven trident
 22857 | D:18     | Found a staircase to the Vaults.
 22870 | D:18     | Noticed a flail
 22875 | D:18     | Killed a flail
 22889 | D:18     | Found a labyrinth entrance.
 22892 | D:18     | Killed an elven vampiric trident
 22905 | Lab      | Entered a Labyrinth
 23834 | Lab      | Identified the ring "Tryriny" (You found it on level 17 of the Dungeon)
 24063 | D:18     | Noticed Roxanne
 24776 | Orc:1    | Entered Level 1 of the Orcish Mines
 24927 | Orc:1    | Received a gift from Trog
 25110 | Orc:1    | Noticed Josephine
 25121 | Orc:1    | Killed Josephine
 25328 | Orc:4    | Entered Level 4 of the Orcish Mines
 25466 | Orc:4    | Found a frozen archway.
 25517 | IceCv    | Entered an ice cave
 25562 | IceCv    | Received a gift from Trog
 25996 | IceCv    | Found an ancient bone altar of Kikubaaqudgha.
 26098 | IceCv    | Reached XP level 16. HP: 142/148 MP: 5/5
 26571 | Orc:4    | Found Ulyquv's Armour Shoppe.
 26574 | Orc:4    | Noticed an orc high priest
 26579 | Orc:4    | Killed an orc high priest
 26607 | Orc:4    | Noticed an orc high priest
 26608 | Orc:4    | Found Broq's Assorted Antiques.
 26711 | Orc:4    | Killed an orc high priest
 26769 | Orc:4    | Noticed an orc high priest
 26785 | Orc:4    | Killed an orc high priest
 26796 | Orc:4    | Found Uneghept's Book Boutique.
 26798 | Orc:4    | Found Qaho's Jewellery Shoppe.
 27080 | Orc:3    | Found a roughly hewn altar of Beogh.
 27285 | Orc:2    | Noticed Nessos
 27297 | Orc:2    | Killed Nessos
 28272 | D:19     | Found Visuth's Magical Wand Shop.
 28272 | D:19     | Found Orunok's Jewellery Emporium.
 28319 | D:19     | Found Wagin's Jewellery Emporium. 28852
                  | trove
                  | Entered a treasure trove 28862
                  | trove
                  | Got a vibrating ivory ring
 29524 | Swamp:1  | Entered Level 1 of the Swamp
 29583 | Swamp:1  | Reached skill level 18 in Fighting
 29965 | Swamp:2  | Found a radiant altar of Vehumet.
 30094 | Swamp:3  | Received a gift from Trog
 31186 | Swamp:4  | Reached skill level 19 in Fighting
 31317 | Swamp:5  | Entered Level 5 of the Swamp
 31649 | Swamp:5  | Reached XP level 17. HP: 75/161 MP: 5/5
 31712 | Swamp:5  | Noticed Aizul
 31732 | Swamp:5  | Killed Aizul
 32117 | Swamp:5  | Got a decaying rune of Zot
 32304 | Swamp:3  | Reached skill level 20 in Fighting
 32916 | D:16     | the staircase to the Vaults was a mimic.
 33014 | Vault:1  | Entered Level 1 of the Vaults
 33530 | D:19     | Bought the ring of Robustness {AC+8} for 3146 gold pieces
 33666 | Vault:1  | Identified the ring of Eggutt {Int+2} (You found it in a treasure trove)
 34001 | Vault:2  | Reached skill level 21 in Fighting
 34262 | Vault:2  | Received a gift from Trog
 34825 | Vault:2  | Paralysed by a great orb of eyes for 7 turns
 34865 | Vault:2  | Reached skill level 22 in Fighting
 34962 | Vault:2  | Found Psetruenu's Antique Weapon Emporium.
 35047 | Vault:3  | Reached XP level 18. HP: 175/177 MP: 6/6
 35102 | Vault:3  | Noticed Frederick
 35120 | Vault:3  | Killed Frederick
 35270 | Vault:3  | Noticed Agnes
 35283 | Vault:3  | Killed Agnes
 35705 | Vault:3  | Reached skill level 23 in Fighting
 36378 | Vault:4  | Found a glowing golden altar of the Shining One.
 36595 | Vault:4  | Noticed Mennas
 37258 | Orc:3    | Found a staircase to the Elven Halls.
 37367 | Orc:3    | Found Oxeuty's Magic Scroll Shop.
 37387 | Orc:3    | Bought a scroll of blinking for 77 gold pieces
 38527 | D:9      | Your ally freed slave died
 38980 | Swamp:1  | Received a gift from Trog
 39673 | Swamp:3  | Reached XP level 19. HP: 184/190 MP: 6/6
 40978 | Vault:4  | Received a gift from Trog
 40979 | Vault:4  | Got an ichor-stained war axe {god gift}
 40980 | Vault:4  | Identified the war axe of Eternal Night {god gift, flame, rF+ rC+} (Trog gifted it to you on level 4 of the Vaults)
 41014 | Vault:4  | Found a staircase to the Hall of Blades.
 41281 | Vault:5  | Noticed Boris
 41288 | Blade    | Entered the Hall of Blades
 42584 | Vault:6  | Found a gateway to a bazaar. 42631
                  | bazaar
                  | Entered a bazaar 42635
                  | bazaar
                  | Found Akhluol's General Store. 42656
                  | bazaar
                  | Found Linemari's Assorted Antiques. 42667
                  | bazaar
                  | Found Imaxuax's Assorted Antiques. 42767
                  | bazaar
                  | Found Nyamp's Weapon Emporium. 42806
                  | bazaar
                  | Found Equpaic's Distillery. 42841
                  | bazaar
                  | Bought a scroll of vorpalise weapon for 540 gold pieces
 43181 | Vault:7  | Found Qaos' Book Shop.
 43184 | Vault:7  | Received a gift from Trog
 43245 | Vault:7  | Found Rocoasoi's Distillery.
 43740 | Vault:7  | Noticed a guardian serpent
 43740 | Vault:7  | a moth of wrath changed into a guardian serpent
 43744 | Vault:7  | a guardian serpent changed into a troll
 44685 | Vault:6  | Reached XP level 20. HP: 172/200 MP: 6/6
 44967 | Vault:5  | Killed Boris
 45170 | Vault:5  | Found Uruuskap's Armour Shop.
 45261 | Vault:5  | Received a gift from Trog
 45510 | Vault:5  | Got a faintly glowing plate armour
 45523 | Vault:5  | Identified the +0 plate armour of Fokhlem (You found it on level 5 of the Vaults)
 45666 | Vault:5  | Paralysed by a sphinx for 2 turns
 46009 | D:19     | Paralysed by an ogre mage for 6 turns
 46484 | Elf:1    | Entered Level 1 of the Elven Halls
 46484 | Elf:1    | Noticed an orc priest
 46498 | Elf:1    | Killed an orc priest
 46619 | Elf:1    | Noticed Nikola
 46639 | Elf:1    | Noticed Erica
 46641 | Elf:1    | Killed Nikola
 46653 | Elf:1    | Killed Erica
 47135 | Elf:2    | Noticed Louise
 47176 | Elf:2    | Killed Louise
 47413 | Elf:2    | Noticed Urug
 47458 | Elf:2    | Received a gift from Trog
 47469 | Elf:2    | Killed Urug
 47579 | Elf:2    | Noticed Donald
 47594 | Elf:2    | Killed Donald
 48217 | Elf:5    | Entered Level 5 of the Elven Halls
 48220 | Elf:5    | Paralysed by a deep elf mage for 4 turns
 48378 | Elf:5    | Cast into the Abyss (deep elf sorcerer)
 48378 | Abyss    | Entered The Abyss
 48573 | Abyss    | Noticed a naga warrior
 48590 | Abyss    | Killed a naga warrior
 48636 | Abyss    | Noticed a storm dragon simulacrum
 48645 | Abyss    | Killed a storm dragon simulacrum
 48831 | Abyss    | Noticed a flayed ghost
 48840 | Abyss    | Killed a flayed ghost
 48942 | Abyss    | Noticed a red draconian simulacrum
 49865 | Elf:5    | Noticed a deep elf blademaster
 49886 | Elf:5    | Killed a deep elf blademaster
 49925 | Elf:5    | Noticed a deep elf blademaster
 49935 | Elf:5    | Received a gift from Trog
 49942 | Elf:5    | Killed a deep elf blademaster
 50001 | Elf:5    | Paralysed by a deep elf mage for 7 turns
 50055 | Elf:5    | Reached XP level 21. HP: 206/209 MP: 7/7
 50569 | Elf:5    | Noticed a deep elf master archer
 50574 | Elf:5    | Killed a deep elf master archer
 50725 | Elf:5    | Reached XP level 20. HP: 185/200 MP: 6/6
 50752 | Elf:5    | Got a vibrating bronze ring
 51646 | Elf:3    | Identified the ring "Yzuino Dauk" (You found it on level 5 of the Elven Halls)
 52016 | Orc:2    | Found a roughly hewn altar of Beogh.
 52551 | D:20     | Entered Level 20 of the Dungeon
 53027 | D:19     | Reached XP level 21. HP: 209/209 MP: 7/7
 53381 | D:19     | Bought the amulet "Ghavvim" {Ward +Rage rPois SInv} for 946 gold pieces
 53666 | D:21     | Received a gift from Trog
 53904 | D:21     | Found a bloodstained altar of Trog.
 54236 | D:21     | Gained mutation: You tend to lose your temper in combat.
 54236 | D:21     | Gained mutation: You cover ground slowly.
 54452 | D:21     | Received a gift from Trog
 54960 | D:22     | Noticed Xtahua
 54980 | D:22     | Killed Xtahua
 55297 | D:22     | Noticed a deep elf summoner
 55299 | D:22     | Noticed a deep elf mage
 55299 | D:22     | Noticed a deep elf summoner
 55314 | D:22     | Killed a deep elf summoner
 55316 | D:22     | Killed a deep elf mage
 55322 | D:22     | Killed a deep elf summoner
 55325 | D:22     | Received a gift from Trog
 55454 | D:22     | Found a gateway to Hell.
 55490 | D:24     | Found a one-way gate leading to the halls of Pandemonium.
 55824 | D:24     | Noticed Margery
 55863 | D:24     | Killed Margery
 55874 | D:24     | Reached XP level 22. HP: 126/218 MP: 7/7
 55904 | D:25     | Entered Level 25 of the Dungeon
 56178 | D:25     | Found a one-way gate to the infinite horrors of the Abyss.
 56440 | D:27     | Entered Level 27 of the Dungeon
 56468 | D:27     | Found Xoibbyozogh's Distillery.
 57119 | D:26     | Received a gift from Trog
 57723 | D:26     | Noticed a shining eye
 57723 | D:26     | a giant orange brain changed into a shining eye
 57724 | D:26     | a shining eye changed into a sea snake
 58776 | D:27     | Bought a potion of cure mutation for 840 gold pieces
 58777 | D:27     | Lost mutation: You tend to lose your temper in combat.
 58777 | D:27     | Lost mutation: You cover ground slowly.
 59084 | D:27     | Found an ancient bone altar of Kikubaaqudgha.
 59084 | D:27     | Noticed an ancient lich
 59100 | D:27     | Killed an ancient lich
 59100 | D:27     | Reached XP level 23. HP: 37/227 MP: 7/7
 59101 | D:27     | HP: 10/340 [Ice Fiend[an ancient lich] (24)]
 59103 | D:27     | Demolished by an Ice Fiend
